 Dungeon Crawl Stone Soup version 0.26-a0-663-g36e8fdb655 (webtiles) character file.

Game seed: 1448778205990136237

25 flotson the Sneak (level 2, -5/24 HPs)
             Began as a Demonspawn Delver on Oct 10, 2020.
             Slain by an ogre
             ... wielding a +0 giant club
              (16 damage)
             ... on level 2 of the Dungeon.
             The game lasted 00:03:12 (1434 turns).

flotson the Sneak (Demonspawn Delver)               Turns: 1434, Time: 00:03:13

Health: -5/24      AC:  5    Str: 12    XL:     2   Next: 86%
Magic:  2/2        EV: 11    Int: 11    God:
Gold:   84         SH:  0    Dex: 14    Spells: 1/1 levels left

rFire    . . .     SeeInvis .   b - +0 shortbow
rCold    . . .     Faith    .   (shield currently unavailable)
rNeg     . . .     Spirit   .   l - +0 ring mail
rPois    .         Reflect  .   (no helmet)
rElec    .         Harm     .   (no cloak)
rCorr    .         Rampage  .   (no gloves)
MR       .....                  (no boots)
Stlth    ++........             (no amulet)
HPRegen  0.08/turn              (no ring)
MPRegen  0.08/turn              (no ring)

@: no status effects
A: spiny 1
a: no special abilities


You were on level 2 of the Dungeon.
You visited 1 branch of the dungeon, and saw 5 of its levels.

You collected 84 gold pieces.

Inventory:

Hand Weapons
 a - a +0 spear
 b - a +0 shortbow (weapon)
Missiles
 d - 85 stones
 k - 6 boomerangs of dispersal
 q - 43 bolts
 s - 2 javelins
 u - 6 arrows (quivered)
Armour
 l - a +0 ring mail (worn)
Wands
 f - a wand of digging (3)
Scrolls
 c - 2 scrolls of magic mapping
 g - a scroll of fog
 i - 2 scrolls of identify {unknown}
 j - 4 scrolls of teleportation {unknown}
 o - 2 scrolls of fear
 r - 3 scrolls of amnesia {unknown}
 t - a scroll of random uselessness {unknown}
Potions
 e - a potion of haste
 h - 2 potions of cancellation {unknown}
 m - a potion of resistance {unknown}
 n - 2 potions of mutation {unknown}
 p - 2 potions of degeneration {unknown}


   Skills:
 + Level 3.2 Fighting
 + Level 0.5 Throwing
 + Level 0.6 Armour
 + Level 2.0 Dodging
 + Level 4.8 Stealth
 - Level 1.8 Unarmed Combat


You had one spell level left.
You didn't know any spells.
Your spell library was empty.

Dungeon Overview and Level Annotations

Branches:
Dungeon (5/15)
 Temple: D:4-7

Altars:
Dithmenos
The Shining One

Annotations:
D:4 Dowan, Duvessa


Innate Abilities, Weirdness & Mutations

You are partially covered in sharp spines.


Message History

The ogre is moderately wounded.
You shoot an arrow. The arrow barely misses the ogre.
You shoot an arrow. The arrow hits the ogre.
The ogre is moderately wounded.
You shoot an arrow. The arrow barely misses the ogre.
You shoot an arrow. The arrow barely misses the ogre.
The ogre hits you with a +0 giant club!
Ouch! That really hurt!
You are too injured to fight recklessly!
There is an open door here.
You see here a club.
Firing (i - inventory. (/) - cycle)
u - 7 arrows (quivered)
Press: ? - help, Shift-Dir - straight line, f/p - ogre
Aim: an ogre, wielding a +0 giant club (moderately wounded)
You shoot an arrow.
The arrow hits the ogre but does no damage.
The ogre is moderately wounded.
The ogre is struck by your spines. The ogre hits you with a +0 giant club!
Ouch! That really hurt!
You die...

##.## #.###.#####.#
#..........#
#####.#####.# #)# #.# #.#
########O# # ..#....#@#
#.## #.#[##.#.##########
#.#.###.#...............#
#..#.##.#..#....#######.#
#.#........#.....# #.#
#....##.#.##....## #.#
#.......#...†#.## #.#
###.##########.# #.#
#####.## #.# #.#


You could see an ogre.

Vanquished Creatures
  An orc (D:5)
  A giant cockroach (D:1)
  3 goblins
  2 hobgoblins (D:1)
  4 kobolds
  A quokka (D:2)
  5 bats
  2 frilled lizards (D:1)
  4 rats
23 creatures vanquished.

Notes
Turn   | Place    | Note
-------+----------+-------------------------------------------
     0 | D:5      | flotson the Demonspawn Delver began the quest for the Orb.
     0 | D:5      | Reached XP level 1. HP: 18/18 MP: 1/1
    49 | D:5      | Noticed a worker ant
    55 | D:4      | Noticed Dowan
    55 | D:4      | Noticed Duvessa
   541 | D:1      | Gained mutation: You are partially covered in sharp spines.
                  | [demonic ancestry]
   541 | D:1      | Reached XP level 2. HP: 9/24 MP: 2/2
  1199 | D:2      | Found a glowing golden altar of the Shining One.
  1304 | D:2      | Found a shadowy altar of Dithmenos.
  1412 | D:2      | Noticed an ogre
  1434 | D:2      | Slain by an ogre

Illustrated notes

Levels and vault maps discovered:
D:1:      saegor_arrival_miasma, layout_loops_ring, minmay_pentomino_s4
D:2:      layout_loops_corners, nicolae_dithmenos_shadow_blocks,
          lemuel_round_altar, grunt_ministairs_9, corner_web_ring, st_stairs_12,
          minivault_25
D:3:      layout_rooms, kiku_gazebo_pond_becter,
          chequers_ecumenical_altar_simple
D:4:      layout_cave_pools, tgw_sif, gammafunk_temple_overflow_wave,
          minmay_temple_entry_trees, uniq_duvessa, uniq_menkaure
D:5:      layout_rooms, serial_glass, glass_columns_c, glass_columns_a,
          interstate_on_off, kennysheep_slug_shrine, uniq_blork_the_orc

Skill      XL: |  1  2 |
---------------+-------+-----
Dodging        | 2 |  2.0
Fighting       | |  3.2
Throwing       | |  0.5
Armour         | |  0.6
Stealth        | |  4.8
Unarmed Combat | |  1.8

Action                   || total
-------------------------++-------
Melee: Dagger            ||    74
       Unarmed           ||    11
       Punch             ||     1
       Spear             ||     7
 Fire: Shortbow          ||    13
  Use: Scroll            ||     1
 Stab: Sleeping          ||     5
Armor: Leather armour    ||    29
       Ring mail         ||     7
Dodge: Dodged            ||    92

Table legend: (Time is in decaauts)
 A = Elapsed time spent in this place.
 B = Non-inter-level travel time spent in this place.
 C = Inter-level travel time spent in this place.
 D = Time resting spent in this place.
 E = Time spent auto-exploring this place.
 F = Levels seen in this place.
 G = Mean time per level.
                   A        B        C        D        E       F      G
               +--------+--------+--------+--------+--------+-----+--------+
         Total |   1436 |   1410 |     26 |     94 |    934 |   5 |  287.2 |
       Dungeon |   1436 |   1410 |     26 |     94 |    934 |   5 |  287.2 |
               +--------+--------+--------+--------+--------+-----+--------+

Top non-repeatable levels by time:
     D:1: 947 daAuts
     D:2: 419 daAuts
     D:5: 54 daAuts
     D:4: 9 daAuts
     D:3: 5 daAuts
